 Dungeon Crawl Stone Soup version 0.17-a0-755-g4391640 (webtiles) character file.

136 wvc the Bolt Thrower (level 4, -8/37 HPs)
             Began as a Minotaur Hunter on Apr 22, 2015.
             Killed by divine providence
             ... invoked by an orc priest
              (14 damage)
             ... on level 3 of the Dungeon.
             The game lasted 00:07:11 (1746 turns).

wvc the Bolt Thrower (Minotaur Hunter)              Turns: 1746, Time: 00:07:13

Health: -8/37      AC:  8    Str: 17    XL:     4   Next: 98%
Magic:  3/3        EV:  2    Int:  8    God:
Gold:   121        SH: 14    Dex: 11    Spells: 0 memorised, 3 levels left

rFire  . . .     SeeInvis .     b - +2 hand crossbow
rCold  . . .     Clarity  .     u - +0 chain mail (curse)
rNeg   . . .     SustAb   .     j - +3 large shield
rPois  .         Gourm    .     (helmet restricted)
rElec  .         Spirit   .     (no cloak)
rCorr  .         Warding  .     (no gloves)
rMut   .         Stasis   .     (no boots)
MR     .....                    h - amulet of rage
Stlth  ..........               (no ring)
                                (no ring)

@: very slightly contaminated, hasted, very quick, not resistant to hostile
enchantments, extremely unstealthy
A: retaliatory headbutt, horns 2
a: Evoke Berserk Rage


You were on level 3 of the Dungeon.
You were not hungry.

You visited 1 branch of the dungeon, and saw 3 of its levels.

You collected 121 gold pieces.

Inventory:

Hand weapons
 a - a +0 spear
 b - a +2 hand crossbow (weapon)
Missiles
 c - 2 bolts (quivered)
Armour
 j - a +3 large shield (worn)
 u - a cursed +0 chain mail (worn)
Jewellery
 h - an amulet of rage (around neck)
 t - an uncursed ring of teleportation
Scrolls
 g - 2 scrolls of fog
 o - 3 scrolls of remove curse
Potions
 d - a potion of curing {unknown}
 f - 5 potions of brilliance
 i - 2 potions of might
 n - a potion of haste
 q - a potion of heal wounds {unknown}
 r - a potion of mutation {unknown}
Comestibles
 e - 3 bread rations
 k - a beef jerky
 l - 2 chunks of flesh


   Skills:
 - Level 2.4 Fighting
 * Level 2.2 Polearms
 - Level 6.0 Crossbows
 - Level 2.0 Armour
 - Level 2.1 Dodging
 - Level 0.7 Stealth
 + Level 0.8 Shields


You had 3 spell levels left.
You didn't know any spells.

Dungeon Overview and Level Annotations

Branches:
Dungeon (3/15)

Altars:


Innate Abilities, Weirdness & Mutations

You reflexively headbutt those who attack you in melee.
You have a pair of horns on your head.


Message History

You shoot a bolt. The bolt barely misses the orc priest.
The orc shouts!
The orc hits you with a morningstar. You block the orc priest's attack.
The orc hits you with a club.
* * * LOW HITPOINT WARNING * * *
Drink which item? (? for menu, Esc to quit)
It was a potion of haste.
You feel yourself speed up. You block the orc's attack.
The orc priest hits you with a dagger.
* * * LOW HITPOINT WARNING * * *
You are very lightly contaminated with residual magic.
Firing (i - inventory):
c - 3 bolts (quivered)
Press: ? - help, Shift-Dir - straight line, f/p - orc priest
Aim: an orc priest, wielding a dagger and wearing a ring mail (heavily wounded)
You shoot a bolt.
The bolt hits the orc priest but does no damage.
The orc priest is heavily wounded.
You block the orc's attack.
The orc priest mumbles some strange prayers to Beogh against you.
Something smites you!
You die...

... #.....#
#.....# ......#
#.(...# #.....#
###.o(..# #
#...oo..# #.##
..#o@...# #...###
.###.####
#...###.# #.#
####.....###.####
#....#..##....(.#
#.#####.##......#
#.# #..#......#
#.# ##........#
#####.#
###......#


You could see an orc priest and 3 orcs.

Vanquished Creatures
  Natasha (twice) (D:2)
  5 adders
  A worm (D:2)
  5 giant geckos
  A ball python (D:2)
  5 bats
  10 hobgoblins
  2 jackals (D:2)
  2 giant cockroaches (D:1)
  7 giant newts
  5 goblins
  6 kobolds
  7 rats
58 creatures vanquished.

Notes
Turn   | Place    | Note
--------------------------------------------------------------
     0 | D:1      | wvc, the Minotaur Hunter, began the quest for the Orb.
     0 | D:1      | Reached XP level 1. HP: 18/18 MP: 0/0
    26 | D:1      | Reached skill level 1 in Armour
   126 | D:1      | Reached XP level 2. HP: 22/25 MP: 1/1
   591 | D:1      | Reached skill level 5 in Crossbows
   625 | D:1      | Reached XP level 3. HP: 30/30 MP: 2/2
  1195 | D:2      | Reached XP level 4. HP: 34/37 MP: 3/3
  1200 | D:2      | Reached skill level 6 in Crossbows
  1387 | D:2      | Noticed Natasha
  1396 | D:2      | Killed Natasha
  1396 | D:2      | Reached skill level 1 in Polearms
  1604 | D:2      | Noticed Natasha
  1613 | D:2      | Killed Natasha
  1746 | D:3      | Killed from afar by an orc priest

Action                   |  1- 3 |  4- 6 || total
-------------------------+-------+-------++-------
Melee: Spear             |       |    30 ||    30
       Short sword       |       |    12 ||    12
 Fire: Hand crossbow     |    86 |     7 ||    93
  Use: Scroll            |     3 |     4 ||     7
       Potion            |       |     1 ||     1
  Eat: Chunk             |     1 |       ||     1
       Beef jerky        |       |     2 ||     2
